 Dungeon Crawl Stone Soup version 0.21-a0-404-g291f19a (webtiles) character file.

14726 lauthentik the Unseen (level 11, -7/74 HPs)
             Began as a Vampire Enchanter on Oct 29, 2017.
             Was a Priest of Kikubaaqudgha.
             Killed from afar by Aizul (9 damage)
             ... with a bolt of poison
             ... on level 1 of the Snake Pit.
             The game lasted 00:45:10 (11527 turns).

lauthentik the Unseen (Vampire Enchanter)          Turns: 11527, Time: 00:45:11

Health: -7/74      AC: 12    Str: 10    XL:     11   Next: 92%
Magic:  22/24      EV: 15    Int: 22    God:    Kikubaaqudgha [***...]
Gold:   581        SH:  0    Dex: 14    Spells: 14/28 levels left

rFire    . . .     SeeInvis +   W - +1 dagger (venom)
rCold    + . .     Gourm    .   (no shield)
rNeg     + + +     Faith    .   N - +0 steam dragon scales
rPois    +         Spirit   .   z - +0 helmet
rElec    .         Reflect  .   B - +0 cloak
rCorr    .         Harm     .   b - +1 pair of gloves
MR       +....                  M - +2 pair of boots
Stlth    +++++++...             (no amulet)
HPRegen  0.11/turn              R - +3 ring of strength
MPRegen  0.19/turn              o - ring of positive energy

@: lethally poisoned (-7 -> -20), regenerating slowly
A: fangs 3, see invisible, unbreathing
a: Bat Form, Receive Corpses, Renounce Religion


You were on level 1 of the Snake Pit.
You worshipped Kikubaaqudgha.
Kikubaaqudgha was most pleased with you.
You were very thirsty.

You visited 4 branches of the dungeon, and saw 14 of its levels.

You collected 581 gold pieces.

Inventory:

Hand Weapons
 W - a +1 dagger of venom (weapon)
Armour
 b - a +1 pair of gloves (worn)
 z - a +0 helmet (worn)
 B - a +0 cloak (worn)
 M - a +2 pair of boots (worn)
 N - +0 steam dragon scales (worn)
Jewellery
 g - an uncursed ring of protection from fire
 o - a ring of positive energy (right hand)
 r - an uncursed ring of resist corrosion
 x - an uncursed ring of fire
 R - a +3 ring of strength (left hand)
Wands
 a - a wand of paralysis (7/24)
 m - a wand of paralysis (10/24)
 s - a wand of confusion (23/48)
 H - a wand of random effects (11/48)
 K - a wand of confusion (24/48)
 T - a wand of flame (42/48)
 V - a wand of iceblast (4/15)
Scrolls
 j - 3 scrolls of fog
 k - 6 scrolls of remove curse
 n - 2 scrolls of enchant weapon {unknown}
 p - 4 scrolls of noise {unknown}
 q - 9 scrolls of identify
 w - 7 scrolls of teleportation {unknown}
 C - 3 scrolls of random uselessness {unknown}
 E - 2 scrolls of fear {unknown}
 I - 2 scrolls of enchant armour {unknown}
 J - a scroll of recharging {unknown}
 P - 2 scrolls of magic mapping {unknown}
 Q - a scroll of silence {unknown}
 U - a scroll of amnesia {unknown}
Potions
 d - 25 potions of blood
 e - 3 potions of might
 f - 2 potions of heal wounds {unknown}
 h - a potion of resistance {unknown}
 i - a potion of lignification {unknown}
 l - a potion of berserk rage {unknown}
 t - 2 potions of curing
 v - a potion of mutation {unknown}
 A - 2 potions of flight {unknown}
 D - 2 potions of agility {unknown}
 L - a potion of ambrosia {unknown}
Books
 c - a book of Maledictions

   Spells                             Type                      Level
   a - Corona                         Hexes                        1
   b - Ensorcelled Hibernation        Hexes/Ice                    2
   c - Confuse                        Hexes                        3
   d - Tukima's Dance                 Hexes                        3
   e - Dazzling Spray                 Conjuration/Hexes            3
 G - Kikubaaqudgha's Reference Book on Dark Secrets
   (Kikubaaqudgha gifted it to you on level 6 of the Dungeon)

   Spells                             Type                      Level
   a - Pain                           Necromancy                   1
   b - Corpse Rot                     Necromancy                   2
   c - Sublimation of Blood           Necromancy                   2
   d - Vampiric Draining              Necromancy                   3
   e - Control Undead                 Necromancy                   4
 O - a book of Beasts

   Spells                             Type                      Level
   a - Summon Butterflies             Summoning                    1
   b - Call Canine Familiar           Summoning                    3
   c - Summon Ice Beast               Ice/Summoning                4
   d - Summon Mana Viper              Hexes/Summoning              5
   e - Summon Hydra                   Summoning                    7
 S - Kikubaaqudgha's Reference Book on Black Secrets
   (Kikubaaqudgha gifted it to you on level 2 of the Lair of Beasts)

   Spells                             Type                      Level
   a - Animate Dead                   Necromancy                   4
   b - Agony                          Necromancy                   5
   c - Cigotuvi's Embrace             Necromancy                   5
   d - Dispel Undead                  Necromancy                   5
   e - Simulacrum                     Ice/Necromancy               6


   Skills:
 + Level 2.7 Fighting
 + Level 6.2 Short Blades
 + Level 5.3 Dodging
 + Level 16.0 Stealth
 + Level 9.1 Spellcasting
 + Level 11.4 Hexes
 + Level 2.3 Necromancy
 + Level 7.0 Ice Magic


You had 14 spell levels left.
You knew the following spells:

 Your Spells              Type           Power        Failure   Level  Hunger
a - Ensorcelled Hibernat  Hex/Ice        ######       1%          2    None
b - Corona                Hex            ######.      1%          1    None
c - Confuse               Hex            ######..     1%          3    None
d - Pain                  Necr           ###.         2%          1    None
e - Control Undead        Necr           ###.......   24%         4    ##.....
f - Vampiric Draining     Necr           ###.......   8%          3    None


Dungeon Overview and Level Annotations

Branches:
Dungeon (9/15)             Temple (1/1) D:4            Lair (3/6) D:8
 Shoals (0/4) Lair:2        Snake (1/4) Lair:2
    Orc: D:9-12

Altars:
Ashenzari
Cheibriados
Dithmenos
Elyvilon
Fedhas
Gozag
Hepliaklqana
Kikubaaqudgha
Makhleb
Nemelex Xobeh
Okawaru
Qazlal
Ru
Sif Muna
Trog
Uskayaw
Vehumet
Wu Jian
Xom
Yredelemnul
Zin
The Shining One

Shops:
D:5 *   D:8 *   D:9 =

Annotations:
Lair:1 exclusion: oklob plant
Snake:1 Aizul


Innate Abilities, Weirdness & Mutations

You heal slowly.
You have razor-sharp teeth.
You have supernaturally acute eyesight. (SInv)
You can survive without breathing.


Message History

Aiming: Ensorcelled Hibernation
Press: ? - help, Shift-Dir - straight line, f - Aizul
Aim: Aizul (chance to defeat MR: 3%) Aizul resists with almost no effort.
* * * LOW HITPOINT WARNING * * *
You feel sick. Aizul casts a spell at you. The poison arrow misses you.
You feel better. Aizul casts a spell at you. The bolt of poison hits you!
You are lethally poisoned!
You resist.
* * * LOW HITPOINT WARNING * * *
* * * LOW HITPOINT WARNING * * *
You feel sick.
Aizul coils herself and waves her upper body at you.
The bolt of poison hits you! You resist.
You die...
Kikubaaqudgha rasps: "You have failed me!
Welcome... oblivion!"

..##
..........#....##...##.
.##
.........##....#...##
## ........#......#..##
# #..................
##.................
#...............$.
#..........)......
#..###............
#...###@.......... #.
#.................
.....
........NS........
.....
..................
.....
..................
.....
....##............
......
...##............
.......
#................
....... .
...............


You could see Aizul and a naga warrior.

Vanquished Creatures
  3 two-headed ogres
  Nergalle (Lair:2)
  Sonja (Lair:3)
  A shock serpent (Snake:1)
  2 mana vipers (Snake:1)
  A salamander (Snake:1)
  A black mamba (Snake:1)
  A naga mage (Snake:1)
  2 spiny frogs
  2 rime drakes (Lair:3)
  2 hippogriffs
  A slime creature (D:8)
  18 yaks
  A shadow (D:8)
  2 basilisks (Lair:2)
  A steam dragon (D:9)
  3 water moccasins
  4 nagas
  An orc warrior (D:9)
  3 porcupines (Lair:1)
  A sky beast (D:9)
  2 phantoms
  2 crocodiles
  6 ogres
  5 wolves (Lair:2)
  6 centaurs
  A bullfrog (Lair:1)
  3 scorpions
  6 wights
  3 crimson imps
  A centaur zombie (D:7)
  A quasit (D:6)
  A hound (D:4)
  2 orc priests
  A centaur skeleton (D:7)
  2 bullfrog zombies
  A bullfrog skeleton (D:5)
  2 gnoll shamans
  2 iguanas
  6 worker ants
  A killer bee zombie (D:5)
  2 hound skeletons
  A howler monkey zombie (D:5)
  11 gnolls
  A howler monkey skeleton (D:6)
  11 adders
  2 adder skeletons (D:8)
  3 worms
  3 dart slugs
  4 leopard geckos
  17 orcs
  5 bats
  4 giant cockroaches
  8 goblins
  8 hobgoblins
  5 jackals
  4 quokkas
  2 ball pythons
  5 frilled lizards
  A jackal zombie (D:6)
  10 kobolds
  A leopard gecko skeleton (D:7)
  10 rats
224 creatures vanquished.

Vanquished Creatures (others)
  4 plants (Lair:2)
4 creatures vanquished.

Grand Total: 228 creatures vanquished

Notes
Turn   | Place    | Note
-------+----------+-------------------------------------------
     0 | D:1      | lauthentik the Vampire Enchanter began the quest for the Orb.
     0 | D:1      | Reached XP level 1. HP: 13/13 MP: 3/3
   584 | D:1      | Reached XP level 2. HP: 16/19 MP: 5/5
   588 | D:1      | Learned a level 2 spell: Ensorcelled Hibernation
   836 | D:1      | Reached skill level 5 in Stealth
  1045 | D:2      | Reached XP level 3. HP: 24/24 MP: 1/6
  1399 | D:2      | Reached skill level 5 in Hexes
  1644 | D:2      | Reached XP level 4. HP: 16/31 MP: 7/7
  1793 | D:2      | Reached skill level 6 in Stealth
  1890 | D:3      | Found a glowing silver altar of Zin.
  1890 | D:3      | Found a shimmering altar of Xom.
  1890 | D:3      | Noticed an angel
  2041 | D:3      | Reached XP level 5. HP: 18/36 MP: 0/8
  2756 | D:3      | Reached skill level 1 in Ice Magic
  2952 | D:3      | Learned a level 3 spell: Confuse
  3194 | D:4      | Found a staircase to the Ecumenical Temple.
  3273 | D:4      | Reached skill level 7 in Stealth
  3273 | D:4      | Reached XP level 6. HP: 19/42 MP: 6/10
  3347 | Temple   | Entered the Ecumenical Temple
  3361 | Temple   | Became a worshipper of Kikubaaqudgha
  3597 | D:4      | Found a shadowy altar of Dithmenos.
  3939 | D:5      | Entered Level 5 of the Dungeon
  3964 | D:5      | Found an ornate altar of the Wu Jian Council.
  4019 | D:5      | Reached XP level 7. HP: 47/47 MP: 6/11
  4101 | D:5      | Reached skill level 1 in Fighting
  4101 | D:5      | Reached skill level 8 in Stealth
  4147 | D:5      | Found Inevvyca's General Store.
  5246 | D:6      | Reached skill level 9 in Stealth
  5324 | D:6      | Reached XP level 8. HP: 32/54 MP: 11/13
  5581 | D:6      | Reached * piety under Kikubaaqudgha
  5581 | D:6      | Identified Kikubaaqudgha's Reference Book on Dark Secrets (Kikubaaqudgha gifted it to you on level 6 of the Dungeon)
  5581 | D:6      | Received a gift from Kikubaaqudgha
  5586 | D:6      | Learned a level 1 spell: Pain
  5922 | D:7      | Found a glowing golden altar of the Shining One.
  5960 | D:7      | Reached skill level 10 in Stealth
  6153 | D:7      | Reached skill level 5 in Spellcasting
  6879 | D:8      | Found a staircase to the Lair.
  6909 | D:8      | Noticed a slime creature
  6918 | D:8      | Killed a slime creature
  6944 | D:8      | Reached skill level 11 in Stealth
  6944 | D:8      | Reached XP level 9. HP: 45/59 MP: 17/17
  7018 | D:8      | Noticed a two-headed ogre
  7025 | D:8      | Killed a two-headed ogre
  7025 | D:8      | Reached skill level 5 in Short Blades
  7025 | D:8      | Reached skill level 1 in Necromancy
  7051 | D:8      | Noticed a two-headed ogre
  7058 | D:8      | Killed a two-headed ogre
  7058 | D:8      | Reached skill level 12 in Stealth
  7231 | D:8      | Found Gozag's Platinum Reserve.
  7239 | D:8      | Found an opulent altar of Gozag.
  7372 | D:9      | Noticed a two-headed ogre
  7378 | D:9      | Killed a two-headed ogre
  7378 | D:9      | Reached skill level 13 in Stealth
  7378 | D:9      | Reached XP level 10. HP: 62/67 MP: 14/20
  7392 | D:9      | Learned a level 4 spell: Control Undead
  7553 | D:9      | Reached ** piety under Kikubaaqudgha
  7700 | D:9      | Found Rounemp's Jewellery Shop.
  7702 | D:9      | Reached skill level 5 in Ice Magic
  7882 | D:9      | Found a bloodstained altar of Trog.
  8446 | Lair:1   | Entered Level 1 of the Lair of Beasts
  8713 | Lair:1   | Reached skill level 14 in Stealth
  8852 | Lair:1   | Noticed a spiny frog
  8858 | Lair:1   | Killed a spiny frog
  8903 | Lair:1   | Found a blossoming altar of Fedhas.
  8921 | Lair:1   | Noticed an oklob plant
  9369 | Lair:2   | Reached XP level 11. HP: 72/72 MP: 3/22
  9571 | Lair:2   | Reached *** piety under Kikubaaqudgha
  9571 | Lair:2   | Identified Kikubaaqudgha's Reference Book on Black Secrets (Kikubaaqudgha gifted it to you on level 2 of the Lair of Beasts)
  9571 | Lair:2   | Received a gift from Kikubaaqudgha
  9571 | Lair:2   | Reached skill level 10 in Hexes
  9580 | Lair:2   | Learned a level 3 spell: Vampiric Draining
  9627 | Lair:2   | Found a staircase to the Shoals.
  9677 | Lair:2   | Found a staircase to the Snake Pit.
 10138 | Lair:2   | Noticed Nergalle
 10147 | Lair:2   | Killed Nergalle
 10147 | Lair:2   | Reached skill level 15 in Stealth
 10603 | Lair:3   | Reached skill level 5 in Dodging
 10669 | Lair:3   | Noticed Sonja
 10676 | Lair:3   | Killed Sonja
 11064 | Snake:1  | Entered Level 1 of the Snake Pit
 11071 | Snake:1  | Noticed a shock serpent
 11078 | Snake:1  | Killed a shock serpent
 11079 | Snake:1  | Noticed a naga warrior
 11089 | Snake:1  | Noticed a mana viper
 11096 | Snake:1  | Killed a mana viper
 11476 | Snake:1  | Noticed a mana viper
 11484 | Snake:1  | Killed a mana viper
 11510 | Snake:1  | Noticed a naga warrior
 11512 | Snake:1  | Reached skill level 16 in Stealth
 11514 | Snake:1  | Noticed Aizul
 11527 | Snake:1  | HP: 2/74 [poisoned by Aizul (bolt of poison)]
 11527 | Snake:1  | Killed from afar by Aizul

Vault maps used:
D:1:      lightli_arrival_statue_moat, serial_forest,
          infiniplex_forest_fountain, infiniplex_forest_straight_4,
          infiniplex_forest_corner_1, infiniplex_forest_straight_2,
          infiniplex_forest_corner_1, serial_bayou_ford_a
D:3:      cheibrodos_pilgrimage, grunt_temple_overflow_order_and_chaos_1
D:4:      nicolae_overflow_hidden_temple, minmay_temple_entry_mist, first_bread
D:5:      nicolae_overflow_crystal_walls, serial_shops, shop_statue
D:7:      nicolae_tso_carved_into_rock
D:8:      nicolae_gozag_zags_fifth_avenue, lair_entry_dummy, minmay_three_doors
D:9:      lemuel_coloured_pillars_altar, serial_shops, nicolae_shop_crystal
Temple:   minmay_freezing_vapour_temple
Lair:1:   tgw_fedhas, lemuel_fruit_tree
Lair:2:   minmay_shoals_entry_centaurs, minmay_snake_entry_guardpost_small,
          uniq_nergalle
Lair:3:   uniq_sonja
Snake:1:  uniq_aizul, uniq_josephine

Skill      XL: |  1  2  3  4  5  6  7  8  9 10 11 |
---------------+----------------------------------+-----
Stealth        | 5 6 7 9 11 13 14 16 | 16.0
Short Blades   | 2 3 4 5 6 |  6.2
Hexes          | 5 6 7 8 9 11 | 11.4
Ice Magic      | 1 2 3 4 6 7 |  7.0
Spellcasting   | 3 5 6 7 9 |  9.1
Dodging        | 3 4 5 |  5.3
Fighting       | 1 2 |  2.7
Necromancy     | 1 2 |  2.3

Action                   |  1- 3 |  4- 6 |  7- 9 | 10-12 || total
-------------------------+-------+-------+-------+-------++-------
Melee: Dagger            |    53 |   115 |   191 |   143 ||   502
       Bite              |     5 |    12 |    15 |    12 ||    44
       Short sword       |    58 |       |       |       ||    58
 Cast: Corona            |     8 |       |       |       ||     8
       Ensorcelled Hiber |    20 |    47 |    35 |    97 ||   199
       Confuse           |       |     1 |    19 |     5 ||    25
       Pain              |       |       |     7 |    21 ||    28
  Use: Potion            |     2 |     2 |     5 |     6 ||    15
       Scroll            |     1 |     1 |     1 |     1 ||     4
 Stab: Sleeping          |    17 |    44 |    39 |    70 ||   170
       Confused          |       |     1 |     8 |     2 ||    11
       Distracted        |       |     1 |       |       ||     1
  Eat: Corpse            |       |     4 |       |       ||     4
Armor: Robe              |    18 |    10 |    20 |     9 ||    57
       Steam dragon scal |       |       |       |    37 ||    37
Dodge: Dodged            |    65 |    77 |    79 |    70 ||   291

Table legend:
 A = Spawn XP
 B = Non-spawn XP
 C = Spawn XP percentage of total XP
 D = Spawn monster count
 E = Non-spawn monster count
 F = Spawn count percentage of total count
 G = Total turns spent on level
                    A         B        C        D         E        F      G
               +---------+---------+-------+---------+---------+-------+---------
         Total |       0 |   21038 |   0.0 |       0 |     224 |   0.0 | 11527
               +---------+---------+-------+---------+---------+-------+---------
           D:1 |       0 |      26 |   0.0 |       0 |      18 |   0.0 |   980
           D:2 |       0 |     145 |   0.0 |       0 |      22 |   0.0 |   910
           D:3 |       0 |     140 |   0.0 |       0 |      32 |   0.0 |  1306
           D:4 |       0 |     266 |   0.0 |       0 |      18 |   0.0 |   765
           D:5 |       0 |     444 |   0.0 |       0 |      14 |   0.0 |  1118
           D:6 |       0 |     862 |   0.0 |       0 |      17 |   0.0 |   864
           D:7 |       0 |     565 |   0.0 |       0 |      15 |   0.0 |  1064
           D:8 |       0 |    2458 |   0.0 |       0 |       9 |   0.0 |   619
           D:9 |       0 |    2949 |   0.0 |       0 |      28 |   0.0 |   798
        Lair:1 |       0 |    2322 |   0.0 |       0 |      12 |   0.0 |   880
        Lair:2 |       0 |    4819 |   0.0 |       0 |      25 |   0.0 |  1111
        Lair:3 |       0 |    2420 |   0.0 |       0 |       7 |   0.0 |   627
       Snake:1 |       0 |    3622 |   0.0 |       0 |       7 |   0.0 |   463
               +---------+---------+-------+---------+---------+-------+---------
